 Dungeon Crawl Stone Soup version 0.17.1-3-g152610e (webtiles) character file.

78 Locuples the Sneak (level 4, -3/33 HPs)
             Began as a Vampire Assassin on Apr 19, 2016.
             Slain by a gnoll
             ... wielding a +0 spear
              (8 damage)
             ... on level 1 of the Dungeon.
             The game lasted 00:07:54 (2794 turns).

Locuples the Sneak (Vampire Assassin)               Turns: 2794, Time: 00:07:54

Health: -3/33      AC:  3    Str: 10    XL:     4   Next: 15%
Magic:  4/4        EV: 12    Int: 13    God:
Gold:   165        SH:  0    Dex: 16    Spells: 0 memorised, 3 levels left

rFire  + . .     SeeInvis +     a - +2 dagger
rCold  + + .     Clarity  .     c - +0 robe
rNeg   + + +     SustAt   .     (no shield)
rPois  ∞         Gourm    .     (no helmet)
rElec  .         Spirit   .     d - +0 cloak
rCorr  .         Warding  .     (no gloves)
rMut   .         Stasis   .     (no boots)
MR     .....                    (no amulet)
Stlth  +++++.....               (no ring)
                                q - ring of protection from fire

@: bloodless, non-regenerating, not resistant to hostile enchantments, quite
stealthy
A: fangs 3, see invisible, unbreathing
a: Bat Form


You were on level 1 of the Dungeon.
You were bloodless.

You visited 1 branch of the dungeon, and saw 2 of its levels.

You collected 165 gold pieces.

Inventory:

Hand Weapons
 a - a +2 dagger (weapon)
 b - a +0 blowgun
Missiles
 e - 31 poisoned needles
 f - 2 curare-tipped needles
Armour
 c - a +0 robe (worn)
 d - a +0 cloak (worn)
Jewellery
 q - a ring of protection from fire (left hand)
Scrolls
 g - a scroll of blinking {unknown}
 j - a scroll of immolation {unknown}
 k - 2 scrolls of identify {unknown}
 l - a scroll of fear {unknown}
 m - a scroll of remove curse {unknown}
 n - 2 scrolls of enchant armour {unknown}
 p - a scroll of teleportation {unknown}
Potions
 h - a potion of heal wounds
 i - a potion of curing
 o - a potion of brilliance {unknown}


   Skills:
 - Level 2.0 Fighting
 - Level 2.6 Short Blades
 - Level 1.5 Throwing
 - Level 2.0 Dodging
 + Level 7.7 Stealth


You had 3 spell levels left.
You didn't know any spells.

Dungeon Overview and Level Annotations

Branches:
Dungeon (2/15)

Altars:
The Shining One


Innate Abilities, Weirdness & Mutations

You do not heal naturally.
You are immune to poison.
You have razor-sharp teeth.
You have supernaturally acute eyesight.
You can survive without breathing.


Message History

You hit the gnoll.
The gnoll is lightly wounded.
The gnoll misses you. The gnoll hits you with a spear!
* * * LOW HITPOINT WARNING * * *
You climb upwards.
There is a stone staircase leading down here.
You hit the gnoll but do no damage.
The gnoll is lightly wounded.
You closely miss the gnoll.
The gnoll is lightly wounded.
The gnoll hits you with a spear.
* * * LOW HITPOINT WARNING * * *
You closely miss the gnoll. You bite the gnoll, but do no damage.
The gnoll is lightly wounded.
The gnoll barely misses you.
You barely miss the gnoll.
The gnoll is lightly wounded.
The gnoll hits you with a spear!
You die...

....).(.#
........#######
##............#
#####.######.######
#.............# #
#.%.##....###.# #
#.#.##....# #.#
######.#.......###.#
+..............g@).#
.###.......#.#######
...#.#####.#......#
##...#####.######.#####
...####....######.....#
.### #.........#####.#
## #.........# #.#
##### #.........# #.#
...)# #.#############.#


You could see a gnoll.

Vanquished Creatures
  Terence (D:2)
  A gnoll (D:1)
  An adder (D:2)
  A worm (D:2)
  9 bats
  2 goblins (D:1)
  5 hobgoblins
  A quokka (D:2)
  A giant cockroach (D:2)
  6 kobolds
  6 rats
34 creatures vanquished.

Notes
Turn   | Place    | Note
--------------------------------------------------------------
     0 | D:1      | Locuples the Vampire Assassin began the quest for the Orb.
     0 | D:1      | Reached XP level 1. HP: 16/16 MP: 1/1
   273 | D:1      | Reached skill level 6 in Stealth
   481 | D:1      | Reached XP level 2. HP: 16/22 MP: 2/2
   522 | D:1      | Found a glowing golden altar of the Shining One.
  1132 | D:2      | Reached skill level 7 in Stealth
  1442 | D:2      | Reached XP level 3. HP: 13/27 MP: 3/3
  1798 | D:2      | Noticed Terence
  1896 | D:2      | Killed Terence
  2551 | D:2      | Reached XP level 4. HP: 24/33 MP: 4/4
  2794 | D:1      | Slain by a gnoll

Action                   |  1- 3 |  4- 6 || total
-------------------------+-------+-------++-------
Melee: Dagger            |   124 |    12 ||   136
  Use: Potion            |     3 |     1 ||     4
 Stab: Sleeping          |     8 |       ||     8
       Distracted        |     1 |       ||     1
